 Dungeon Crawl Stone Soup version 0.31-a0-217-g58bb5d79cf (webtiles) character file.

Game seed: 11761282734202267603

209 qw the Shooter (level 5, 0/32 HPs)
             Began as a Gargoyle Hexslinger on July 2, 2023.
             Slain by a gnoll
             ... wielding a +0 whip
              (3 damage)
             ... on level 3 of the Dungeon.
             The game lasted 00:01:06 (2303 turns).

qw the Shooter (Gargoyle Hexslinger)                Turns: 2303, Time: 00:01:06

Health: 0/32       AC:  9    Str: 11    XL:     5   Next: 87%
Magic:  6/6        EV: 11    Int: 14    God:
Gold:   149        SH:  0    Dex: 14    Spells: 5/6 levels left

rFire   + . .        Y - +2 sling
rCold   . . .        (no shield)
rNeg    + . .        g - +1 leather armour {rF+}
rPois   inf          b - +0 helmet
rElec   +            (no cloak)
rCorr   .            (no gloves)
SInv    .            (no boots)
Will    .....        (no amulet)
Stlth   +            (no ring)
HPRegen 0.25/turn    (no ring)
MPRegen 0.10/turn

%: no passive effects
@: no status effects
A: sickness immunity, AC +4, negative energy resistance 1, electricity
resistance, torment resistance 1, petrification resistance
a: no special abilities


You were on level 3 of the Dungeon.
You visited 1 branch of the dungeon, and saw 4 of its levels.

You collected 149 gold pieces.


Innate Abilities, Weirdness & Mutations

You are immune to sickness and miasma.
Your stone body is resilient. (AC +4)
You are immune to poison.
You resist negative energy. (rN+)
You are resistant to electric shocks. (rElec)
You are resistant to unholy torment.
You are immune to petrification.


   Skills:
 - Level 3.0 Fighting
 + Level 5.2 Ranged Weapons
 - Level 1.5 Dodging
 - Level 1.0 Spellcasting
 - Level 2.6 Hexes


You had 5 spell levels left.
You knew the following spells:

 Your Spells              Type           Power      Damage    Failure   Level
a - Slow                  Hex            32%        N/A       12%         1

Your spell library contained the following spells:

 Spells                   Type           Power      Damage    Failure   Level
 Inner Flame              Hex/Fire       4%         N/A       52%         3
 Portal Projectile        Hex/Tloc       8%         N/A       52%         3
 Cause Fear               Hex            4%         N/A       75%         4

Inventory:

Hand Weapons
 Y - a +2 sling (weapon)
Armour
 b - a +0 helmet (worn)
 g - a +1 leather armour of fire resistance (worn)
Scrolls
 h - a scroll of identify
Potions
 c - a potion of might
 d - a potion of haste {unknown}
 e - a potion of degeneration {unknown}
 f - 3 potions of curing
 i - a potion of magic {unknown}
 j - a potion of enlightenment {unknown}

Dungeon Overview and Level Annotations

Branches:
Dungeon (4/15)
 Temple: D:4-7

Altars:
Makhleb
Xom


Message History

Done exploring.
(D) Dungeon
Where to? (* - list waypoints, Enter - D:4, ? - help)
What level of the Dungeon? (default 1, ? - help)
You climb downwards.
The gnoll hits you but does no damage. The gnoll barely misses you.
There is a stone staircase leading up here.
You shoot a sling bullet. The sling bullet hits the gnoll.
The gnoll is heavily wounded.
The gnoll hits you with a +0 spear. The endoplasm barely misses you.
The gnoll closely misses you. The endoplasm freezes you.
You are frozen.
The gnoll barely misses you. The endoplasm freezes you.
You are frozen.
The endoplasm hits you. The gnoll closely misses you.
2298 ||| STAIRDANCE The gnoll hits you with a +0 whip.
The endoplasm hits you but does no damage. x2
You climb upwards.
There is a stone staircase leading down here.
You shoot a sling bullet. The sling bullet hits the gnoll!
You kill the gnoll!
The endoplasm barely misses you. The endoplasm freezes you.
You are frozen.
The gnoll hits you with a +0 whip.
You shoot a sling bullet.
The sling bullet hits the gnoll but does no damage.
The endoplasm barely misses you. The endoplasm freezes you.
You are frozen.
The gnoll hits you with a +0 whip.
You shoot a sling bullet.
The sling bullet closely misses the gnoll.
The endoplasm jiggles.
The endoplasm hits you but does no damage.
The endoplasm barely misses you. The gnoll hits you but does no damage.
You shoot a sling bullet. The sling bullet hits the gnoll.
The gnoll is lightly wounded.
The endoplasm hits you but does no damage. x2
The gnoll hits you with a +0 whip.
You die...

##.##.# ##..#.#
##...# ##..# #..#
####>)############
##....#..........#
.#.##)#........).#
.#.............J@#
.#.#..#...<[...Jg#
##...............#
####.##..........#
..##.##.........!#
.................#
.................#
.......###########
###....#


You could see a gnoll and 2 endoplasms.

Vanquished Creatures
  A crimson imp (D:3)
  Robin (D:2)
  4 gnolls (D:3)
  4 adders
  2 worms (D:3)
  2 dart slugs (D:1)
  An orc (D:3)
  6 ball pythons
  8 bats
  5 endoplasms
  2 giant cockroaches
  14 goblins
  10 hobgoblins
  3 jackals (D:3)
  3 quokkas
  4 frilled lizards
  4 kobolds
  A rat (D:2)
75 creatures vanquished.

Notes
Turn   | Place    | Note
-------+----------+-------------------------------------------
     0 | D:1      | qw the Gargoyle Hexslinger began the quest for the Orb.
     0 | D:1      | Reached XP level 1. HP: 12/12 MP: 2/2
     0 | D:1      | 0 ||| qw: Version: 0.3-a-40-ge99b1a8
     0 | D:1      | 0 ||| qw: Game counter: 225
     0 | D:1      | 0 ||| qw: Melee chars always use a shield: true
     0 | D:1      | 0 ||| qw: God list: Okawaru
     0 | D:1      | 0 ||| qw: Allow faded altars: false
     0 | D:1      | 0 ||| qw: Do Orc after clearing Dungeon:15 true
     0 | D:1      | 0 ||| qw: Do second Lair branch before Depths: true
     0 | D:1      | 0 ||| qw: Lair rune preference: random
     0 | D:1      | 0 ||| qw: Goals: Normal
     0 | D:1      | 0 ||| PLANNING D:1-11
   194 | D:1      | Reached XP level 2. HP: 12/16 MP: 3/3
   278 | D:1      | Reached skill level 3 in Ranged Weapons
   530 | D:1      | Reached XP level 3. HP: 21/21 MP: 4/4
   937 | D:1      | Found a faded altar of an unknown god.
   938 | D:1      | 938 ||| UPGRADING to +0 ring mail.
   948 | D:1      | 948 ||| DROPPING +0 robe.
   949 | D:1      | 949 ||| UPGRADING to +1 leather armour of fire resistance.
   959 | D:1      | 959 ||| DROPPING +0 ring mail.
   960 | D:1      | 960 ||| READING scroll labelled WIFEORHAYPPU.
   964 | D:1      | 964 ||| READING 2 scrolls labelled HAUCYRPH FESHRI.
   965 | D:1      | 965 ||| READING scroll labelled VUDALUODDO.
   966 | D:1      | 966 ||| READING scroll labelled GORERCHOERCH.
   967 | D:1      | 967 ||| READING scroll labelled TIZ ZYETZACWAX.
   981 | D:1      | 981 ||| DRINKING 2 emerald potions.
   982 | D:1      | 982 ||| DROPPING scroll of poison.
   983 | D:1      | 983 ||| DROPPING scroll of vulnerability.
  1070 | D:2      | Noticed Robin
  1071 | D:2      | 1071 ||| Stepping ~*~*~tactically~*~*~ (outnumbered).
  1084 | D:2      | Killed Robin
  1091 | D:2      | Reached XP level 4. HP: 9/26 MP: 5/5
  1248 | D:2      | Reached skill level 4 in Ranged Weapons
  1591 | D:2      | 1591 ||| UPGRADING to +0 helmet.
  1596 | D:2      | 1596 ||| READING scroll labelled ZOS MOFEXIA.
  1597 | D:2      | 1597 ||| READING scroll labelled ZADDEK EZIL.
  1598 | D:2      | 1598 ||| READING scroll labelled RAROQA CYTOJE.
  1599 | D:2      | 1599 ||| READING 2 scrolls labelled ZUTZOIPT TYGOM.
  1600 | D:2      | 1600 ||| READING scroll labelled RORGHO GELIAMOV.
  1601 | D:2      | 1601 ||| DROPPING scroll of blinking.
  1657 | D:3      | Found a shimmering altar of Xom.
  1657 | D:3      | Found a burning altar of Makhleb.
  1671 | D:3      | Reached XP level 5. HP: 22/30 MP: 6/6
  1740 | D:3      | 1740 ||| Stepping ~*~*~tactically~*~*~ (outnumbered).
  1742 | D:3      | 1742 ||| Stepping ~*~*~tactically~*~*~ (outnumbered).
  1752 | D:3      | Reached skill level 5 in Ranged Weapons
  1758 | D:3      | 1758 ||| FLEEEEING.
  2016 | D:3      | HP: 7/31 [frozen (4)]
  2130 | D:3      | Reached skill level 3 in Fighting
  2246 | D:3      | 2246 ||| READING scroll labelled TIECITESCH.
  2247 | D:3      | 2247 ||| READING 2 scrolls of identify.
  2247 | D:3      | 2247 ||| IDENTIFYING metallic pink potion
  2248 | D:3      | 2248 ||| DROPPING potion of berserk rage.
  2261 | D:4      | 2261 ||| STAIRDANCE
  2298 | D:4      | 2298 ||| STAIRDANCE
  2301 | D:3      | HP: 8/32 [frozen (3)]
  2301 | D:3      | HP: 3/32 [gnoll/+0 whip (5)]
  2303 | D:3      | Slain by a gnoll

Levels and vault maps discovered:
D:1:      noname_arrival_rooms_in_the_neighbourhood, layout_basic,
          shapermc_ecumenical_altar_mp_vishouse, moated_statue, minmay_vboxes
D:2:      layout_basic, uniq_robin
D:3:      minmay_octagon_keep, layout_rooms,
          grunt_temple_overflow_champion_of_chaos
D:4:      layout_basic, serial_shops, nicolae_diamond_shop, shop_statue, shop,
          nicolae_shop_temple_entry_statues_fountains, shop

Skill      XL: |  1  2  3  4  5 |
---------------+----------------+-----
Ranged Weapons | 3 4 5 |  5.2
Fighting       | 2 3 |  3.0
Dodging        | |  1.5
Spellcasting   | |  1.0
Hexes          | |  2.6

Action                     |  1- 3 |  4- 6 || total
---------------------------+-------+-------++-------
   Fire: Sling             |   114 |   145 ||   259
    Use: Scroll            |     5 |     7 ||    12
         Potion            |     1 |       ||     1
 Armour: Robe              |    17 |       ||    17
         Leather armour    |     7 |    59 ||    66
  Dodge: Dodged            |    53 |    83 ||   136

Table legend:
 A = Non-vault XP
 B = Vault XP
 C = Vault XP percentage of total XP
 D = Non-vault monster count
 E = Vault monster count
 F = Vault count percentage of total count
                 A         B        C        D         E       F
            +---------+---------+-------+---------+---------+-------
      Total |     169 |     130 |  43.5 |      49 |      26 |  34.7
            +---------+---------+-------+---------+---------+-------
        D:1 |      37 |       5 |  11.9 |      19 |       3 |  13.6
        D:2 |      26 |      35 |  57.4 |      10 |      11 |  52.4
        D:3 |     106 |      90 |  45.9 |      20 |      12 |  37.5
            +---------+---------+-------+---------+---------+-------
